 Dungeon Crawl Stone Soup version 0.27-a0-1312-g5cdb2b3542 (webtiles) character file.

Game seed: 6362247933289811171

75960 Sobieck the Spry (level 15, -4/118 HPs)
             Began as a Spriggan Berserker on June 18, 2021.
             Was a High Priest of Trog.
             Succumbed to poison (poison gas)
             ... on level 5 of the Lair of Beasts on June 19, 2021.
             The game lasted 01:18:33 (33702 turns).

Sobieck the Spry (Spriggan Berserker)              Turns: 33702, Time: 01:18:33

Health: -4/118     AC:  9    Str: 18    XL:     15   Next: 11%
Magic:  16/16      EV: 29    Int:  9    God:    Trog [*****.]
Gold:   903        SH: 14    Dex: 16    Spells: 14/14 levels left

rFire    + . .     SeeInvis +   a - +7 falchion (elec) {long}
rCold    . . .     Faith    .   w - +1 buckler
rNeg     . . .     Spirit   .   j - +0 steam dragon scales
rPois    .         Reflect  +   (helmet restricted)
rElec    .         Harm     .   r - +2 cloak
rCorr    +         Rampage  .   (gloves unavailable)
Will     ++++.                  (boots unavailable)
Stlth    ..........             P - amulet of reflection
HPRegen  1.29/turn              k - ring of resist corrosion
MPRegen  0.15/turn              J - ring of protection from fire

@: berserking (expiring), lethally poisoned (-4 -> -52), strong-willed,
regenerating, very quick
A: very small, no large weapons, unfitting armour, see invisible, speed 3
a: Renounce Religion, Berserk, Trog's Hand, Brothers in Arms


You were on level 5 of the Lair of Beasts.
You worshipped Trog.
Trog was extremely pleased with you.
You visited 2 branches of the dungeon, and saw 20 of its levels.

You collected 1281 gold pieces.
You spent 378 gold pieces at shops.


Innate Abilities, Weirdness & Mutations

You are very small and have problems with some larger weapons.
You are too small for most types of armour.
You have supernaturally acute eyesight. (SInv)
You cover ground extremely quickly. (Speed+++)


   Skills:
 + Level 9.4 Fighting
 - Level 14.0 Long Blades
 + Level 6.4 Armour
 + Level 16.9 Dodging
 - Level 6.0 Stealth
 - Level 7.2 Shields


You had 14 spell levels left.
You didn't know any spells.
Your spell library contained the following spells:

 Spells                   Type           Power      Damage    Failure   Level
 Magic Dart               Conj           0%         1d3       38%         1
 Sting                    Tmut/Pois      0%         1d3       38%         1
 Summon Small Mammal      Summ           0%         N/A       38%         1
 Call Imp                 Summ           0%         N/A       52%         2
 Poisonous Vapours        Pois/Air       0%         N/A       52%         2
 Searing Ray              Conj           0%         3d3       52%         2
 Sublimation of Blood     Necr           0%         N/A       52%         2
 Call Canine Familiar     Summ           0%         N/A       77%         3
 Conjure Flame            Conj/Fire      0%         6-21      77%         3
 Dazzling Flash           Conj/Hex       0%         N/A       77%         3
 Ignite Poison            Fire/Tmut/Pois 0%         N/A       77%         3
 Mephitic Cloud           Conj/Pois/Air  0%         N/A       77%         3
 Summon Guardian Golem    Hex/Summ       0%         N/A       77%         3
 Fulminant Prism          Conj/Hex       0%         3d6       99%         4
 Iskenderun's Mystic Bla  Conj/Tloc      0%         2d3       99%         4
 Olgreb's Toxic Radiance  Pois           0%         N/A       99%         4
 Petrify                  Tmut/Erth      0%         N/A       99%         4
 Summon Ice Beast         Ice/Summ       0%         N/A       99%         4
 Summon Lightning Spire   Summ/Air       0%         N/A       99%         4
 Alistair's Intoxication  Tmut/Pois      0%         N/A       100%        5
 Blade Hands              Tmut           0%         N/A       100%        5
 Freezing Cloud           Conj/Ice/Air   0%         6-21      100%        5
 Irradiate                Conj/Tmut      0%         3d13      100%        5
 Eringya's Noxious Bog    Tmut/Pois      0%         N/A       100%        6
 Statue Form              Tmut/Erth      0%         N/A       100%        6
 Dragon Form              Tmut           0%         N/A       100%        7
 Storm Form               Tmut/Air       0%         N/A       100%        7

Inventory:

Hand Weapons
 a - a +7 falchion of electrocution (weapon) {long}
   (You took it off a wight on level 6 of the Dungeon)
 b - the +11 hunting sling "Tikaach" {vorpal, rElec rF- rC+ rCorr, sling}
   (You bought it in a shop on level 7 of the Dungeon)

   Any stone fired from it inflicts extra damage.
   It makes you vulnerable to fire.
   It protects you from cold.
   It insulates you from electricity.
   It protects you from acid and corrosion.
 s - a +0 demon blade of freezing {long}
   (You found it on level 8 of the Dungeon)
 I - a +4 scimitar of flaming {long}
   (You took it off an efreet on level 11 of the Dungeon)
 S - the +2 dagger "Jowaim" {flame, Str+2 Dex-2 SInv, short}
   (You found it on level 13 of the Dungeon)

   It has been specially enchanted to burn those struck by it, causing extra
   injury to most foes and up to half again as much damage against particularly
   susceptible opponents.
   It affects your strength (+2).
   It affects your dexterity (-2).
   It lets you see invisible.
 U - a +8 antimagic long sword {long}
   (Trog gifted it to you on level 1 of the Lair of Beasts)
Missiles
 c - 510 stones {throwing}
 d - 2 throwing nets {=f!fthrowing}
 g - 236 bolts
 h - 123 sling bullets
 n - 83 poisoned darts {throwing}
 u - 19 boomerangs {throwing}
 B - a curare-tipped dart {=fthrowing}
 M - 2 datura-tipped darts {throwing}
 T - 8 atropa-tipped darts {throwing}
Armour
 j - +0 steam dragon scales (worn)
   (You found it on level 6 of the Dungeon)
 r - a +2 cloak (worn)
   (You found it on level 1 of the Lair of Beasts)
 w - a +1 buckler (worn)
   (You bought it in a shop on level 4 of the Dungeon)
Jewellery
 k - a ring of resist corrosion (left hand)
   (You found it on level 6 of the Dungeon)
 l - a ring of protection from cold
   (You found it on level 4 of the Lair of Beasts)
 C - a ring of fire
   (You found it on level 6 of the Lair of Beasts)
 J - a ring of protection from fire (right hand)
   (You took it off an orc warrior on level 7 of the Dungeon)
 P - an amulet of reflection (around neck)
   (You bought it in a shop on level 12 of the Dungeon)
 R - a ring of protection from cold
   (You found it on level 13 of the Dungeon)
Wands
 y - a wand of digging (22)
   (You found it on level 6 of the Dungeon)
 G - a wand of flame (38)
   (You took it off a gnoll on level 7 of the Dungeon)
 H - a wand of acid (24)
   (You found it on level 10 of the Dungeon)
 L - a wand of iceblast (6)
   (You found it on level 5 of the Lair of Beasts)
Scrolls
 e - a scroll of silence {!r}
 z - 3 scrolls of blinking {!r}
 D - 4 scrolls of magic mapping {!r}
 K - a scroll of fear
 N - a scroll of immolation {!r!r}
 O - a scroll of torment {!r}
 V - a scroll of vulnerability {!r!r}
 W - 2 scrolls of teleportation {@r4}
Potions
 f - 2 potions of might
 i - 2 potions of ambrosia
 m - 3 potions of haste {@q3}
 o - 5 potions of brilliance
 p - 3 potions of attraction {!q}
 q - a potion of cancellation
 t - 2 potions of invisibility
 v - a potion of heal wounds {@q2}
 x - 4 potions of curing {@q1}
 A - 2 potions of resistance
 E - 2 potions of magic
 F - 4 potions of lignification {!q}
 X - a potion of flight {unknown}
 Z - 2 potions of mutation {unknown}
Miscellaneous
 Y - a condenser vane
   (You found it on level 2 of the Lair of Beasts)

Dungeon Overview and Level Annotations

Branches:
Dungeon (14/15)            Temple (0/1) D:7            Lair (6/6) D:10
 Shoals (0/4) Lair:3       Spider (0/4) Lair:4        Slime (0/5) Lair:6
    Orc (0/2) D:10
 Vaults: D:13-14

Altars:
Nemelex Xobeh
Jiyva

Shops:
D:4 [   D:5 *   D:7 ([   D:12 *

Annotations:
D:12 1 runed translucent door
D:13 exclusion: downstairs
D:14 Louise
Lair:1 exclusions: downstairs and 2 oklob plants
Lair:2 exclusion: downstairs
Lair:5 exclusion: downstairs
Lair:6 1 runed translucent door, exclusion: 2 oklob plants

##.............P...............#.
###.......#.#..#.#...............
.#####.#####....###..............
## #####..#....##............P. #
#........##............#. #
#........#...........##..
######...................###.
#..8.#.....†>...##......###.. ###
#.....#.....@...###.....##P.. #.#
#8.<.8..........# #....####.. .##
#..............P###....# ##..
..###....##..........##.#### #...
###...#+.#........#...### ##.<.
..###......##.....##.#### #....
.#.......#...##....#....# ##..#
...#.#.................### ###.
.....#.8.#.+...8.........## ##


There were no monsters in sight!


Message History

h - 117 sling bullets (gained 1)
h - 119 sling bullets (gained 2)
You see here a yak corpse. 😮 HP[+1]
h - 120 sling bullets (gained 1) 😮 HP[+1]
h - 121 sling bullets (gained 1)
h - 122 sling bullets (gained 1) 😮 HP[+1]
h - 123 sling bullets (gained 1) 😮 HP[+1] 😮 HP[+1]
There is a stone staircase leading down here.
You hear the crackle of electricity.
a - a +7 falchion of electrocution (weapon)
{long} You start resting. 😎 HP[+35]
Your hp is fully restored (79).
You climb downwards.
Level annotation: 1 runed translucent door, exclusion: 2 oklob plants The swamp dragon breathes poison at you.
The blast of poison engulfs you!
You are poisoned.
There is a stone staircase leading up, spattered with blood here.
You see here the +2 falchion of Trog's Righteous Anger {flame, Dex+8, long}. 😕 HP[-14]
You take 14 damage, and now have 65/79 hp.
Your skin crawls.
You feel strong-willed.
You are engulfed in poison gas.
You are more poisoned.
You feel very sick. 😮 HP[-9]
You take 9 damage, and now have 56/79 hp.
A red film seems to cover your vision as you go berserk!
You feel yourself moving faster!
You feel mighty!
You are engulfed in poison gas.
You are more poisoned.
You feel extremely sick. The swamp dragon completely misses you.
You riposte.
You barely miss the swamp dragon.
You block the swamp dragon's attack. x2 😮 HP[+11]
You now have 118 max hp (+39).
You regained 11 hp, and now have 67/118 hp.
You slash the swamp dragon!
You feel very sick.
The swamp dragon breathes poison at you.
The blast of poison misses you. 😮 HP[-4]
You take 4 damage, and now have 63/118 hp.
You slash the swamp dragon!
You are engulfed in poison gas.
You are more poisoned.
You feel very sick. 😨 HP[-6]
You take 6 damage, and now have 57/118 hp.
You slash the swamp dragon!
You are engulfed in poison gas.
You are more poisoned.
* * * LOW HITPOINT WARNING * * *
x2 You feel very sick.
You block the swamp dragon's attack. The swamp dragon barely misses you.
The swamp dragon completely misses you. 😨 HP[-8]
You take 8 damage, and now have 49/118 hp.
You slash the swamp dragon!
Lightning courses through the swamp dragon!
You feel the power of Trog in you as your rage grows.
You kill the swamp dragon!
Trog accepts your kill.
You are engulfed in poison gas.
You are lethally poisoned!
* * * LOW HITPOINT WARNING * * *
x2 You feel extremely sick. 😨 HP[-11]
You take 11 damage, and now have 38/118 hp.
You are too berserk!
Unknown command.
You are engulfed in poison gas.
You are more poisoned.
* * * LOW HITPOINT WARNING * * *
x2 You feel extremely sick.
You climb upwards.
Level annotation: exclusion: downstairs You feel a strong urge to attack something.
* * * LOW HITPOINT WARNING * * *
You feel extremely sick.
There is a stone staircase leading down here. 😱 HP[-37]
You take 37 damage, and now have 1/118 hp.
MASSIVE DAMAGE!! (PAUSE)
You are too berserk!
Unknown command.
You are too berserk!
Unknown command.
You are too berserk!
Unknown command.
You are too berserk!
Unknown command.
Okay, then.
Unknown command.
You die...

Skill      XL: |  1  2  3  4  5  6  7  8  9 10 11 12 13 14 |
---------------+-------------------------------------------+-----
Stealth        | 1 2 3 5 6 |  6.0
Long Blades    | 3 4 5 6 8 9 11 12 14 | 14.0
Fighting       | 3 4 5 6 7 9 |  9.4
Dodging        | 5 6 7 9 10 12 14 15 16 | 16.9
Shields        | 1 2 3 5 6 7 |  7.2
Armour         | 3 6 |  6.4

Action                   |  1- 3 |  4- 6 |  7- 9 | 10-12 | 13-15 || total
-------------------------+-------+-------+-------+-------+-------++-------
Melee: Falchion          |    82 |   156 |   379 |   505 |   673 ||  1795
       Long sword        |       |       |     5 |       |       ||     5
       Dagger            |       |       |     1 |     1 |     1 ||     3
       Scimitar          |       |       |       |    24 |    46 ||    70
 Fire: Hunting sling     |       |    37 |    93 |   213 |   305 ||   648
Throw: Stone             |     9 |    24 |       |       |       ||    33
       Dart              |       |     1 |     4 |       |       ||     5
Invok: Berserk           |     6 |    13 |    25 |    26 |    22 ||    92
       Trog's Hand       |       |       |     1 |     1 |     4 ||     6
       Brothers in Arms  |       |       |       |     2 |     1 ||     3
  Use: Scroll            |       |     6 |     4 |    15 |     6 ||    31
       Potion            |       |       |       |       |     1 ||     1
 Stab: Sleeping          |     1 |     4 |     3 |     3 |     2 ||    13
       Distracted        |       |       |       |     3 |     2 ||     5
Armor: Animal skin       |    14 |    16 |    17 |       |       ||    47
       Steam dragon scal |       |       |    14 |    31 |    45 ||    90
Dodge: Dodged            |    89 |   160 |   331 |   384 |   387 ||  1351
Block: Buckler           |       |       |   121 |   237 |   317 ||   675
       Reflection        |       |       |       |     3 |     6 ||     9
       Rpst.: Falchion   |    23 |    37 |    77 |    99 |    85 ||   321
       Scimitar          |       |       |       |       |     4 ||     4

Levels and vault maps discovered:
D:1:      doesnt_arrival_eight_statues, layout_basic, serial_glass,
          glass_columns_a, glass_columns_b, glass_columns_c, glass_columns_a,
          glass_columns_c, glass_columns_b, basic_ecumenical_altar,
          hangedman_decor_slide_cut, chequers_serial_rivers_micro_b,
          minmay_cut_off
D:2:      layout_loops_ring, hangedman_feature_mirror, kennysheep_nub,
          uniq_robin
D:3:      layout_basic, columned_hall_lemuel
D:4:      layout_basic, serial_shops, kennysheep_mini, enter_ossuary_5
D:5:      layout_basic, grunt_ministairs_4, nicolae_shop_overcharged_wands
D:6:      layout_basic
D:7:      lemuel_castle_with_subvaults [lemuel_castle_interior_original],
          layout_cave_pods, nemelex_spade_bored_becter,
          minmay_temple_entry_mist, serial_gnoll_camp, gnoll_camp_mini_shop,
          gnoll_camp_mini_hut, grums_kennel, gnoll_camp_mini_shop, uniq_menkaure
D:8:      layout_cave_pools, grunt_tough_drop
D:9:      layout_basic, minmay_misc_feat_x, hangedman_decor_points, uniq_joseph
D:10:     layout_cave_pools, erik_lair_dragon, orc_0_dummy
D:11:     layout_small_grid, portal_ice_cave_rime,
          amcnicky_mini_rare_corridor_liquid
D:12:     cheibrodos_shockbox, layout_irregular_city, grunt_decor_arrowhead,
          nicolae_shop_clearance, uniq_psyche
D:13:     kennysheep_six_static_rooms, layout_irregular_city, david_vaults_2
D:14:     layout_basic, minmay_misc_feat_plants, ashenzari_conservatory_becter,
          uniq_louise
Lair:1:   layout_hall_layers, minmay_shattered_shrine,
          minmay_lair_oklob_chamber, lemuel_fruit_fields, lemuel_fruit_tree,
          grunt_megastairs_2
Lair:2:   layout_loops_ring, gauntlet_entry_generic,
          infiniplex_staircase_pool_2, grunt_megastairs_5, serial_bayou_shore_b,
          lemuel_fruit_fields
Lair:3:   layout_chaotic_city, minmay_shoals_entry_centaurs
Lair:4:   layout_regular_city, spider_nest_entry_a, uniq_rupert
Lair:5:   layout_cave_pods, grunt_megastairs_1, lemuel_fruit_fields
Lair:6:   evilmike_catoblepas_cave, layout_cave_pods, slime_altar_2,
          special_room [special_room_bee], pond

Notes
Turn   | Place    | Note
-------+----------+-------------------------------------------
     0 | D:1      | Sobieck the Spriggan Berserker began the quest for the Orb.
     0 | D:1      | Reached XP level 1. HP: 11/11 MP: 2/2
     0 | D:1      | magus.rc [v1.9.6]
     4 | D:1      | You fall into a shaft and drop 1 floor!
   283 | D:1      | Found a faded altar of an unknown god.
   299 | D:1      | Reached skill level 1 in Stealth
   299 | D:1      | Reached XP level 2. HP: 16/16 MP: 3/3
   938 | D:1      | Reached XP level 3. HP: 19/19 MP: 4/4
   940 | D:1      | You pick up a book of Callings {forbidden} and begin
                  | reading...
   940 | D:1      | You add the spells Summon Small Mammal, Call Imp, Call
                  | Canine Familiar, Summon Guardian Golem, Summon Lightning
                  | Spire and Summon Ice Beast to your library.
  1075 | D:2      | Reached ** piety under Trog
  1075 | D:2      | HP: 6/28 [gnoll (10)]
  1076 | D:2      | Reached skill level 3 in Long Blades
  1529 | D:2      | Reached skill level 2 in Stealth
  1746 | D:2      | Noticed Robin
  1759 | D:2      | Reached XP level 4. HP: 23/23 MP: 5/5
  1805 | D:1      | HP: 4/23 [goblin[Robin] (4)]
  2180 | D:2      | Killed Robin
  3020 | D:2      | Reached skill level 3 in Fighting
  3025 | D:2      | Reached skill level 3 in Stealth
  3195 | D:2      | Reached XP level 5. HP: 23/28 MP: 6/6
  3468 | D:3      | Reached *** piety under Trog
  3648 | D:3      | Reached skill level 5 in Dodging
  4037 | D:3      | magus.rc [v1.9.6]
  4750 | D:4      | HP: 5/28 [orc (5)]
  4751 | D:4      | HP: 1/28 [orc (4)]
  5074 | D:4      | Reached skill level 4 in Long Blades
  5074 | D:4      | Reached XP level 6. HP: 32/32 MP: 7/7
  5145 | D:4      | HP: 5/48 [gnoll (8)]
  5146 | D:4      | Reached skill level 4 in Stealth
  5730 | D:5      | Entered Level 5 of the Dungeon
  5816 | D:4      | Reached skill level 6 in Dodging
  5816 | D:4      | Reached skill level 5 in Stealth
  5816 | D:4      | Reached XP level 7. HP: 22/37 MP: 8/8
  6314 | D:4      | Found Otsa's Armour Shop.
  6317 | D:4      | Bought a +0 buckler for 63 gold pieces
  6527 | D:5      | magus.rc [v1.9.6]
  6532 | D:5      | Reached skill level 5 in Long Blades
  6751 | D:5      | Reached skill level 4 in Fighting
  7062 | D:5      | Reached skill level 1 in Shields
  7299 | D:4      | Reached **** piety under Trog
  7406 | D:5      | Reached skill level 6 in Stealth
  7480 | D:5      | Reached XP level 8. HP: 42/42 MP: 9/9
  7766 | D:4      | Reached skill level 7 in Dodging
  8434 | D:5      | Found Lenkidoh's Overcharged Wands.
  8725 | D:6      | Reached skill level 6 in Long Blades
  8725 | D:6      | Reached skill level 2 in Shields
  9469 | D:6      | Reached XP level 9. HP: 46/46 MP: 10/10
  9670 | D:6      | Reached skill level 5 in Fighting
  9670 | D:6      | Reached skill level 8 in Dodging
  9934 | D:7      | Reached skill level 7 in Long Blades
  9994 | D:6      | Reached skill level 3 in Shields
 10072 | D:7      | Found Sethim's Armour Emporium.
 10335 | D:7      | Found a staircase to the Ecumenical Temple.
 10360 | D:8      | Noticed a two-headed ogre
 10363 | D:7      | Found Paat's Antique Weapon Shop.
 10980 | D:7      | Reached ***** piety under Trog
 11009 | D:7      | Reached skill level 9 in Dodging
 11312 | D:7      | Noticed a cyclops
 11395 | D:7      | Killed a cyclops
 11396 | D:7      | Reached skill level 8 in Long Blades
 11396 | D:7      | Reached XP level 10. HP: 53/53 MP: 11/11
 11823 | D:7      | Reached skill level 6 in Fighting
 11842 | D:7      | Reached skill level 4 in Shields
 12211 | D:7      | Noticed Menkaure
 12215 | D:7      | Killed Menkaure
 12215 | D:7      | Received a gift from Trog
 12258 | D:7      | HP: 12/53 [ogre (18)]
 12506 | D:7      | Noticed a skeletal warrior
 12516 | D:7      | Killed a skeletal warrior
 12517 | D:7      | Reached skill level 10 in Dodging
 12846 | D:7      | Found a sparkling altar of Nemelex Xobeh.
 12907 | D:7      | Reached skill level 9 in Long Blades
 12954 | D:7      | Noticed Grum
 12959 | D:7      | Killed Grum
 13277 | D:7      | Bought an ancient hunting sling for 195 gold pieces
 13277 | D:7      | Identified the +11 hunting sling "Tikaach" {vorpal, rElec
                  | rF- rC+ rCorr} (You bought it in a shop on level 7 of the
                  | Dungeon)
 13488 | D:8      | Killed a two-headed ogre
 13502 | D:8      | Reached skill level 5 in Shields
 14394 | D:10     | Entered Level 10 of the Dungeon
 14478 | D:10     | Reached XP level 11. HP: 56/56 MP: 12/12
 14814 | D:9      | Noticed Joseph
 14826 | D:9      | Killed Joseph
 14827 | D:9      | Reached skill level 11 in Dodging
 15636 | D:9      | Reached skill level 10 in Long Blades
 15988 | D:10     | Found a staircase to the Orcish Mines.
 16078 | D:10     | Identified a scroll of acquirement
 16078 | D:10     | Acquired +0 gold dragon scales
 16079 | D:10     | D - +0 gold dragon scales {rare}
 16090 | D:10     | You finish putting on your +0 gold dragon scales {rare}.
 16096 | D:10     | You finish taking off your +0 gold dragon scales {rare}.
 16550 | D:10     | Found a staircase to the Lair.
 17454 | D:11     | Reached skill level 6 in Shields
 17503 | D:12     | Found a runed translucent door.
 17503 | D:12     | Noticed a sixfirhy
 17831 | D:12     | You pick up a book of Clouds {forbidden} and begin
                  | reading...
 17831 | D:12     | You add the spells Poisonous Vapours, Mephitic Cloud,
                  | Conjure Flame and Freezing Cloud to your library.
 17842 | D:12     | Found Uwusch's CLEARANCE SALE! EVERYTHING MUST GO!.
 17847 | D:12     | Bought an amulet of reflection for 120 gold pieces
 17859 | D:12     | You drop +0 gold dragon scales {rare}.
 17940 | D:12     | You pick up a book of Alchemy {forbidden} and begin
                  | reading...
 17940 | D:12     | You add the spells Sublimation of Blood, Ignite Poison,
                  | Petrify, Alistair's Intoxication, Irradiate and Eringya's
                  | Noxious Bog to your library.
 17941 | D:12     | Noticed Psyche
 17949 | D:12     | Killed Psyche
 18417 | D:12     | Noticed an eight-headed hydra
 18435 | D:12     | Killed an eight-headed hydra
 18436 | D:12     | Reached skill level 12 in Dodging
 18713 | D:12     | You add the spells Sting and Olgreb's Toxic Radiance to
                  | your library.
 18883 | D:12     | Reached skill level 11 in Long Blades
 19138 | D:12     | Noticed an eight-headed hydra
 19367 | D:11     | Killed a one-headed hydra
 19368 | D:11     | Reached XP level 12. HP: 61/61 MP: 13/13
 20420 | D:14     | Noticed Louise
 20462 | D:13     | Noticed a centaur warrior
 20471 | D:13     | Killed a centaur warrior
 20516 | D:13     | Noticed a two-headed ogre
 20529 | D:13     | Killed a two-headed ogre
 20711 | D:13     | Reached skill level 13 in Dodging
 20711 | D:13     | Reached skill level 7 in Shields
 20731 | D:13     | Noticed a centaur warrior
 20743 | D:13     | Killed a centaur warrior
 20747 | D:13     | Identified the +2 dagger "Jowaim" {flame, Str+2 Dex-2 SInv}
 20983 | D:13     | Noticed a death knight
 21152 | Lair:1   | Entered Level 1 of the Lair of Beasts
 21152 | Lair:1   | Noticed a six-headed hydra
 21162 | Lair:1   | Killed a two-headed hydra
 21163 | Lair:1   | Reached skill level 12 in Long Blades
 21603 | Lair:1   | Noticed a seven-headed hydra
 21615 | Lair:1   | Killed a one-headed hydra
 21908 | Lair:1   | Noticed a six-headed hydra
 21916 | Lair:1   | Killed a three-headed hydra
 21987 | Lair:1   | You pick up a book of Conjurations {forbidden@e2} and begin
                  | reading...
 21987 | Lair:1   | You add the spells Magic Dart, Searing Ray, Dazzling Flash,
                  | Fulminant Prism and Iskenderun's Mystic Blast to your
                  | library.
 22121 | Lair:1   | Reached skill level 14 in Dodging
 22417 | Lair:1   | Reached XP level 13. HP: 65/65 MP: 14/14
 22465 | Lair:1   | Reached skill level 13 in Long Blades
 22547 | Lair:1   | Identified the +2 war axe "Ziaphof" {flame, rElec}
 23041 | Lair:1   | Received a gift from Trog
 23853 | Lair:3   | Found a staircase to the Shoals.
 23993 | Lair:2   | Reached skill level 14 in Long Blades
 24538 | Lair:3   | Reached skill level 1 in Armour
 25259 | Lair:3   | Reached skill level 2 in Armour
 25787 | Lair:3   | Reached skill level 7 in Fighting
 25792 | Lair:3   | Reached skill level 3 in Armour
 26210 | Lair:3   | Reached skill level 15 in Dodging
 26288 | Lair:3   | Reached XP level 14. HP: 72/72 MP: 15/15
 26840 | Lair:4   | magus.rc [v1.9.6]
 26868 | Lair:4   | Found a hole to the Spider Nest.
 27184 | Lair:4   | Noticed Rupert
 27400 | Lair:4   | Reached skill level 4 in Armour
 27451 | Lair:4   | Reached ****** piety under Trog
 27683 | Lair:4   | Killed Rupert
 27885 | Lair:4   | Identified the +1 pair of boots of Indemnity {rPois Will+
                  | Regen+ Str+3}
 28223 | Lair:5   | Reached skill level 8 in Fighting
 28623 | Lair:6   | Entered Level 6 of the Lair of Beasts
 29087 | Lair:5   | Reached skill level 5 in Armour
 29367 | Lair:5   | Reached skill level 16 in Dodging
 30033 | Lair:5   | Upgraded the game from 0.27-a0-1308-gc08437e49b to
                  | 0.27-a0-1312-g5cdb2b3542
 30033 | Lair:5   | magus.rc [v1.9.6]
 30491 | Lair:6   | You pick up a book of Transfigurations {forbidden@e2} and
                  | begin reading...
 30491 | Lair:6   | You add the spells Blade Hands, Statue Form, Storm Form and
                  | Dragon Form to your library.
 30513 | Lair:6   | Identified the +2 falchion of Trog's Righteous Anger
                  | {flame, Dex+8} (Trog gifted it to you on level 6 of the
                  | Lair of Beasts)
 30513 | Lair:6   | Received a gift from Trog
 32222 | Lair:6   | Reached skill level 9 in Fighting
 32394 | Lair:6   | Reached skill level 6 in Armour
 32462 | Lair:6   | Found a runed translucent door.
 32462 | Lair:6   | Found a viscous altar of Jiyva.
 32462 | Lair:6   | Found a staircase to the Slime Pits.
 32462 | Lair:6   | Noticed an azure jelly
 33071 | Lair:6   | Reached XP level 15. HP: 50/79 MP: 16/16
 33700 | Lair:6   | HP: 19/118 [poison (poison gas)]
 33701 | Lair:5   | HP: 1/118 [poison (poison gas)]
 33702 | Lair:5   | Succumbed to poison (poison gas)

Vanquished Creatures
  2 centaur warriors (D:13)
  2 catoblepae
  15 hydras
  2 two-headed ogres
  15 death yaks
  A fire crab (Lair:6)
  A skeletal warrior (D:13)
  A swamp dragon (Lair:6)
  A lindwurm (Lair:5)
  3 manticores
  A will-o-the-wisp (Lair:6)
  3 cyclopes
  Joseph (D:9)
  16 elephants
  7 black mambas
  13 cane toads
  Psyche (D:12)
  An efreet (D:11)
  5 rime drakes
  A freezing wraith (D:13)
  A kobold demonologist (D:12)
  15 komodo dragons
  A queen bee (Lair:6)
  3 meliai (Lair:6)
  A polar bear (Lair:3)
  19 blink frogs
  6 dream sheep (Lair:3)
  7 slime creatures
  2 shadows
  3 wyverns
  A wraith (D:11)
  47 yaks
  4 basilisks
  Grum (D:7)
  3 steam dragons
  2 vampires
  10 vampire mosquitoes
  Menkaure (D:7)
  2 wargs (D:7)
  An acid dragon (D:9)
  14 water moccasins
  2 swamp drakes (Lair:6)
  5 orc warriors
  A sky beast (D:7)
  3 black bears
  A hornet zombie (D:7)
  2 necrophages
  6 ogres
  13 wolves
  13 centaurs
  5 kobold brigands
  2 phantoms
  16 bullfrogs
  2 gnoll sergeants (D:7)
  3 scorpions
  A water moccasin skeleton (D:5)
  A wyvern skeleton (D:7)
  22 killer bees
  7 wights
  10 howler monkeys
  3 centaur zombies
  14 hounds
  3 centaur skeletons
  2 gnoll shamans (D:7)
  9 orc priests
  2 bullfrog skeletons
  6 iguanas
  5 orc wizards
  6 hell rats
  A killer bee zombie (D:6)
  3 howler monkey zombies
  Robin (D:2)
  30 gnolls
  5 adders
  2 shadow imps
  2 white imps
  An ufetubus (D:7)
  An adder skeleton (D:4)
  A worm (D:4)
  A dart slug (D:4)
  31 orcs
  5 bats
  12 endoplasms
  4 giant cockroaches
  15 goblins
  7 hobgoblins
  2 jackals (D:1)
  19 kobolds
  4 quokkas
  6 ball pythons
  2 frilled lizards
  6 rats
562 creatures vanquished.

Vanquished Creatures (collateral kills)
  Rupert (Lair:4)
  A skeletal warrior (D:7)
  2 ogres (D:7)
  A gnoll (D:7)
  An orc (D:7)
6 creatures vanquished.

Vanquished Creatures (others)
  An orc wizard (D:7)
  2 foxfires (Lair:6)
  37 fungi
  82 plants
122 creatures vanquished.

Grand Total: 690 creatures vanquished

Table legend:
 A = Non-vault XP
 B = Vault XP
 C = Vault XP percentage of total XP
 D = Non-vault monster count
 E = Vault monster count
 F = Vault count percentage of total count
                 A         B        C        D         E       F
            +---------+---------+-------+---------+---------+-------
      Total |   75493 |   33022 |  30.4 |     396 |     172 |  30.3
            +---------+---------+-------+---------+---------+-------
        D:1 |      30 |      12 |  28.6 |      18 |       6 |  25.0
        D:2 |     130 |      35 |  21.2 |      19 |      12 |  38.7
        D:3 |      71 |       0 |   0.0 |      16 |       0 |   0.0
        D:4 |     722 |       0 |   0.0 |      30 |       0 |   0.0
        D:5 |     925 |      55 |   5.6 |      22 |       5 |  18.5
        D:6 |    1464 |       0 |   0.0 |      25 |       0 |   0.0
        D:7 |     919 |    4243 |  82.2 |      12 |      67 |  84.8
        D:8 |    1446 |     211 |  12.7 |      21 |       4 |  16.0
        D:9 |    1433 |     481 |  25.1 |      17 |       1 |   5.6
       D:10 |    1195 |    1349 |  53.0 |      17 |       5 |  22.7
       D:11 |    2779 |     731 |  20.8 |       7 |       2 |  22.2
       D:12 |    4598 |     397 |   7.9 |      15 |       1 |   6.2
       D:13 |    2584 |    3476 |  57.4 |      10 |       6 |  37.5
     Lair:1 |    6992 |    6034 |  46.3 |      25 |      15 |  37.5
     Lair:2 |   10334 |    1362 |  11.6 |      33 |       3 |   8.3
     Lair:3 |   11632 |     444 |   3.7 |      33 |       4 |  10.8
     Lair:4 |    7550 |    1782 |  19.1 |      29 |       1 |   3.3
     Lair:5 |   10610 |     790 |   6.9 |      26 |       6 |  18.8
     Lair:6 |   10079 |   11620 |  53.6 |      21 |      34 |  61.8
            +---------+---------+-------+---------+---------+-------

Illustrated notes

Table legend:
 A = Kills in this place as a percentage of kills in entire the game.
 B = Kills by you in this place as a percentage of kills by you in the entire game.
 C = Kills by friends in this place as a percentage of kills by friends in the entire game.
 D = Other kills in this place as a percentage of other kills in the entire game.
 E = Experience gained in this place as a percentage of experience gained in the entire game.
 F = Experience gained in this place divided by the number of levels of this place that you have seen.
                   A       B       C       D       E      F
               +-------+-------+-------+-------+-------+----------------------
         Total | 100.0 | 100.0 | 100.0 |   N/A | 100.0 | 5425.8
       Dungeon |  59.5 |  59.3 |  83.3 |   N/A |  27.0 | 2091.9
          Lair |  40.5 |  40.7 |  16.7 |   N/A |  73.0 | 13204.8
               +-------+-------+-------+-------+-------+----------------------

Table legend: (Time is in decaauts)
 A = Elapsed time spent in this place.
 B = Non-inter-level travel time spent in this place.
 C = Inter-level travel time spent in this place.
 D = Time resting spent in this place.
 E = Time spent auto-exploring this place.
 F = Levels seen in this place.
 G = Mean time per level.
                   A        B        C        D        E       F      G
               +--------+--------+--------+--------+--------+-----+--------+
         Total |  28256 |  27521 |    735 |  12764 |   9325 |  20 | 1412.8 |
       Dungeon |  17978 |  17463 |    515 |   8257 |   5933 |  14 | 1284.1 |
          Lair |  10278 |  10059 |    219 |   4506 |   3391 |   6 | 1713.0 |
               +--------+--------+--------+--------+--------+-----+--------+

Top non-repeatable levels by time:
     D:7: 2768 daAuts
  Lair:5: 2496 daAuts
  Lair:6: 2046 daAuts
  Lair:2: 1799 daAuts
  Lair:1: 1719 daAuts
     D:4: 1708 daAuts
     D:1: 1592 daAuts
     D:5: 1589 daAuts
     D:3: 1559 daAuts
    D:11: 1385 daAuts
     D:2: 1259 daAuts
  Lair:4: 1172 daAuts
    D:12: 1164 daAuts
    D:13: 1103 daAuts
     D:6: 1046 daAuts
